 Dungeon Crawl Stone Soup version 0.31-a0-977-gc230f8ef24 (webtiles) character file.

Game seed: 15345696940745349408

1261 Firecrotchwizard the Ruffian (level 8, -2/78 HPs)
             Began as a Troll Shapeshifter on Oct 29, 2023.
             Slain by a centaur (3 damage)
             ... on level 6 of the Dungeon.
             The game lasted 00:10:07 (3922 turns).

Firecrotchwizard the Ruffian (Troll Shapeshifter)   Turns: 3922, Time: 00:10:08

Health: -2/78      AC:  0    Str: 25    XL:     8   Next: 27%
Magic:  7/7        EV:  9    Int:  6    God:
Gold:   294        SH:  0    Dex:  9    Spells: 7/7 levels left

rFire   . .          .
                       - Unarmed
rCold   . . .        (no shield)
rNeg    . . .        a - +0 animal skin
rPois   .            (helmet currently unavailable)
rElec   .            (cloak currently unavailable)
rCorr   .            (gloves unavailable)
SInv    .            (boots unavailable)
Will    .....        (no amulet)
Stlth   +            (no ring)
HPRegen 1.13/turn    (no ring)
MPRegen 0.10/turn

%: no passive effects
@: beast-form, corroded
A: beast (slay +3), large, unfitting armour, claws 3, regeneration 1, shaggy fur
1, tough skin 1
a: Begin Untransformation


You were on level 6 of the Dungeon.
You were a hulking beast.
You visited 1 branch of the dungeon, and saw 6 of its levels.

You collected 366 gold pieces.
You spent 72 gold pieces at shops.

Inventory:

Missiles
 m - 3 large rocks
Armour
 a - a +0 animal skin (worn)
 v - a +2 hat
Jewellery
 e - a ring of positive energy
 k - a ring of fire
 n - a +6 ring of intelligence
Talismans
 c - a beast talisman
 d - a flux talisman
 o - a serpent talisman
Wands
 r - a wand of flame (24)
 s - a wand of digging (5)
 u - a wand of charming (8)
Scrolls
 f - a scroll of fog
 i - a scroll of identify
 l - a scroll of amnesia
 t - 3 scrolls of teleportation
 x - 3 scrolls of revelation
Potions
 b - a potion of lignification
 g - a potion of magic {unknown}
 h - 3 potions of curing
 j - 2 potions of attraction
 p - a potion of invisibility {unknown}
 q - 4 potions of brilliance
 w - 3 potions of might
 z - a potion of degeneration {unknown}


   Skills:
 + Level 4.1 Fighting
 - Level 1.5 Dodging
 * Level 7.6 Unarmed Combat
 + Level 5.4 Shapeshifting


You had 7 spell levels left.
You didn't know any spells.
Your spell library contained the following spells:

 Spells                   Type           Power      Damage    Failure   Level
 Magic Dart               Conj           0%         1d3       45%         1
 Cigotuvi's Dreadful Rot  Necr/Pois/Air  0%         N/A       58%         2
 Searing Ray              Conj           0%         2d4       58%         2
 Dispel Undead            Necr           0%         3d6       99%         4
 Fulminant Prism          Conj/Hex       0%         3d5       99%         4
 Death Channel            Necr           0%         N/A       100%        6


Dungeon Overview and Level Annotations

Branches:
Dungeon (6/15)             Temple (0/1) D:5

Altars:
Fedhas
Vehumet
Xom
Yredelemnul
The Shining One

Shops:
D:5 :*!


Innate Abilities, Weirdness & Mutations

You are a hulking beast.
Your limbs bulge with bestial killing power. (Slay +3)
You are too large for most types of armour.
You have claws for hands.
Your natural rate of healing is unusually fast.
You are covered in fur. (AC +1)
You have tough skin. (AC +1)


Message History

The white imp hits you. The white imp freezes you.
* * * LOW HITPOINT WARNING * * *
You barely miss the white imp. The white imp gestures at you.
The puff of frost hits you!
* * * LOW HITPOINT WARNING * * *
You closely miss the white imp. You mangle the white imp!!
You kill the white imp!
Unknown command.
Things that are here:
a +0 rapier; a hound corpse You start resting.
HP restored.
j - 2 murky green potions (gained 1)
u - a wand of charming (8)
You now have 294 gold pieces (gained 8).
You pick up a book of Decay and begin reading...
You add the spells Cigotuvi's Dreadful Rot, Dispel Undead and Death Channel to your library.
As you read the scroll of identify, it crumbles to dust.
j - 2 potions of attraction
As you read the scroll of identify, it crumbles to dust.
w - 3 potions of might A centaur comes into view.
The centaur wields a +0 orcbow.
The centaur shoots an arrow.
The arrow hits you.
The centaur shoots an arrow.
The arrow hits you!
The centaur shoots an arrow.
The arrow barely misses you.
You start resting.
A centaur is nearby!
A jelly comes into view.
The jelly quivers.
The centaur shoots an arrow.
The arrow barely misses you.
The centaur shoots an arrow.
The arrow barely misses you.
The centaur unwields a +0 orcbow.
The centaur hits you. The centaur kicks you.
You scratch the centaur.
The centaur is lightly wounded.
The centaur closely misses you.
The centaur kicks you but does no damage.
The centaur misses you.
The centaur kicks you but does no damage.
You barely miss the centaur.
The centaur is lightly wounded.
The centaur hits you but does no damage.
The centaur kicks you but does no damage.
You barely miss the centaur.
The centaur is lightly wounded.
The centaur closely misses you.
The centaur kicks you but does no damage.
The jelly hits you. The acid corrodes you!
You are splashed with acid!
You claw the centaur!
The centaur is heavily wounded.
The centaur hits you. The centaur kicks you. The jelly hits you.
You are splashed with acid.
You scratch the jelly.
Your claws burn!
The jelly is heavily wounded.
The centaur hits you.
* * * LOW HITPOINT WARNING * * *
The centaur kicks you.
* * * LOW HITPOINT WARNING * * *
The centaur hits you.
* * * LOW HITPOINT WARNING * * *
The centaur barely misses you. The jelly closely misses you.
You claw the jelly!
Your claws burn!
* * * LOW HITPOINT WARNING * * *
The jelly is almost dead.
The centaur hits you.
* * * LOW HITPOINT WARNING * * *
The centaur kicks you.
* * * LOW HITPOINT WARNING * * *
You claw the jelly!
You kill the jelly!
The centaur hits you!
* * * LOW HITPOINT WARNING * * *
The centaur kicks you.
* * * LOW HITPOINT WARNING * * *
You barely miss the centaur.
The centaur is heavily wounded.
The centaur hits you!
* * * LOW HITPOINT WARNING * * *
The centaur kicks you.
* * * LOW HITPOINT WARNING * * *
The centaur hits you.
* * * LOW HITPOINT WARNING * * *
The centaur barely misses you.
You closely miss the centaur.
The centaur is heavily wounded.
The centaur hits you.
* * * LOW HITPOINT WARNING * * *
The centaur closely misses you.
You scratch the centaur.
The centaur is severely wounded.
The centaur closely misses you. The centaur kicks you.
* * * LOW HITPOINT WARNING * * *
You barely miss the centaur.
The centaur is severely wounded.
The centaur hits you.
* * * LOW HITPOINT WARNING * * *
The centaur kicks you.
You die...

...# ...# .......
....... ...# .......
....... ...#
................ ...#
............... ...#
#............ .#.###
##.....#... .....#
.......c.#
>.##.##..#.##.#.h#
..<.....##.##.#^.######
...#..###..##.........#
....#.....#....##.....#
.........#..#.###.....#
......................#
).........##..###.......
.........#...##
#........ ...........###
......#..


You could see a centaur.

Vanquished Creatures
  A steam dragon (D:6)
  2 black bears
  An ice beast (D:6)
  A centaur (D:5)
  A gnoll sergeant (D:5)
  A scorpion (D:5)
  A howler monkey (D:5)
  4 hounds
  3 orc priests
  2 jellies (D:6)
  A sleepcap (D:5)
  2 iguanas
  3 orc wizards
  5 gnolls (D:5)
  8 adders
  A shadow imp (D:5)
  A white imp (D:6)
  A worm (D:3)
  2 dart slugs
  18 orcs
  9 ball pythons
  7 endoplasms
  4 giant cockroaches
  2 goblins
  9 hobgoblins
  2 jackals (D:3)
  3 quokkas
  3 bats
  4 frilled lizards
  7 kobolds
109 creatures vanquished.

Notes
Turn   | Place    | Note
-------+----------+-------------------------------------------
     0 | D:1      | Firecrotchwizard the Troll Shapeshifter began the quest for
                  | the Orb.
     0 | D:1      | Reached XP level 1. HP: 18/18 MP: 0/0
    94 | D:1      | Reached skill level 1 in Fighting
   239 | D:1      | Reached XP level 2. HP: 27/27 MP: 1/1
   324 | D:1      | Found a faded altar of an unknown god.
  1133 | D:2      | Reached XP level 3. HP: 33/33 MP: 2/2
  1676 | D:3      | Reached XP level 4. HP: 39/42 MP: 3/3
  2070 | D:3      | Reached skill level 4 in Unarmed Combat
  2409 | D:4      | Reached XP level 5. HP: 49/49 MP: 4/4
  2709 | D:5      | Entered Level 5 of the Dungeon
  2741 | D:4      | Reached skill level 5 in Unarmed Combat
  2814 | D:5      | Noticed a centaur
  2825 | D:5      | Reached XP level 6. HP: 43/59 MP: 5/5
  2916 | D:5      | Found Nasoes Xomu's Book Shop.
  3007 | D:5      | Reached XP level 7. HP: 62/67 MP: 6/6
  3016 | D:5      | Found Rutad's General Store.
  3052 | D:5      | Found a staircase to the Ecumenical Temple.
  3077 | D:5      | Reached skill level 6 in Unarmed Combat
  3133 | D:5      | Found Utosusov's Distillery.
  3142 | D:5      | Bought a potion of curing for 36 gold pieces
  3142 | D:5      | Bought a potion of curing for 36 gold pieces
  3159 | D:5      | Found a basalt altar of Yredelemnul.
  3160 | D:5      | Found a blossoming altar of Fedhas.
  3161 | D:5      | Found a radiant altar of Vehumet.
  3163 | D:5      | Found a glowing golden altar of the Shining One.
  3166 | D:5      | Found a shimmering altar of Xom.
  3611 | D:5      | Reached skill level 5 in Shapeshifting
  3661 | D:5      | Reached skill level 7 in Unarmed Combat
  3683 | D:6      | Noticed a steam dragon
  3687 | D:6      | Killed a steam dragon
  3688 | D:6      | Reached XP level 8. HP: 61/78 MP: 7/7
  3922 | D:6      | HP: 1/78 [centaur (4)]
  3922 | D:6      | Slain by a centaur

Illustrated notes

Levels and vault maps discovered:
D:1:      amcnicky_arrival_blooded_trapdoor, layout_basic,
          ebering_ecumenical_altar_rust, minmay_tromino_v4_c
D:2:      layout_basic
D:3:      layout_basic
D:4:      layout_cave_pools
D:5:      layout_basic, minitemple, minmay_temple_entry_grid, serial_shops,
          nicolae_shop_gibbet_a_chance, shop, shop
D:6:      layout_rooms, mainiacjoe_overflow_chevrons,
          mainiacjoe_overflow_boulevard, minivault_26,
          chequers_serial_rivers_marsh

Skill      XL: |  1  2  3  4  5  6  7  8 |
---------------+-------------------------+-----
Fighting       | 1 2 3 4 |  4.1
Unarmed Combat | 4 5 7 |  7.6
Shapeshifting  | 4 5 |  5.4
Dodging        | |  1.5

Action                     |  1- 3 |  4- 6 |  7- 9 || total
---------------------------+-------+-------+-------++-------
  Melee: Unarmed           |    94 |   113 |    73 ||   280
         Punch             |     1 |     2 |     2 ||     5
  Throw: Large rock        |       |       |     3 ||     3
    Use: Scroll            |       |     9 |     2 ||    11
 Armour: Animal skin       |    51 |    70 |   104 ||   225
  Dodge: Dodged            |    41 |    59 |    50 ||   150

Table legend: (Time is in decaauts)
 A = Elapsed time spent in this place.
 B = Non-inter-level travel time spent in this place.
 C = Inter-level travel time spent in this place.
 D = Time resting spent in this place.
 E = Time spent auto-exploring this place.
 F = Levels seen in this place.
 G = Mean time per level.
                   A        B        C        D        E       F      G
               +--------+--------+--------+--------+--------+-----+--------+
         Total |   3906 |   3755 |    151 |    232 |   2843 |   6 |  651.0 |
       Dungeon |   3906 |   3755 |    151 |    232 |   2843 |   6 |  651.0 |
               +--------+--------+--------+--------+--------+-----+--------+

Top non-repeatable levels by time:
     D:1: 917 daAuts
     D:3: 874 daAuts
     D:5: 871 daAuts
     D:4: 494 daAuts
     D:2: 445 daAuts
     D:6: 304 daAuts
